[Event "Late-Titled-Tuesday-Blitz-September-26-2023"]
[Site "Chess.com"]
[Date "2023.09.26"]
[Round "8"]
[White "TatjanaVasilevich"]
[Black "Korchmar_Vasiliy"]
[Result "0-1"]
[WhiteElo "2573"]
[BlackElo "2691"]
[TimeControl "180+1"]
[EndTime "15:25:15 PDT"]
[Termination "Korchmar_Vasiliy won by checkmate"]

1. Nf3 d5 2. b3 Nf6 3. Bb2 e6 4. g3 c5 5. Bg2 Nc6 6. d4 cxd4 7. Nxd4 Bb4+ 8. c3 Bc5 9. O-O O-O 10. c4 Bxd4 11.
Bxd4 dxc4 12. Bxc6 bxc6 13. bxc4 Ba6 14. Na3 Qa5 15. Qb3 Rab8 16. Qf3 e5 17. Bxa7 Rb7 18. Qe3 Ra8 19. Bd4 exd4 20. Qf3 c5 21. Nb5 Rab8 22. Nd6 Rd7 23. Nf5 Bxc4 24. Qf4 Qc7 25. Qg5 Ne8 26.
Rac1 Bxe2 27. Rfe1 d3 28. Rxc5 Qd8 29. Qd2 g6 30. Ne3 Nf6 31. Re5 Kg7 32. Ng2 Qc7 33.
Re3 Nd5 34. Re4 Qc3 35. R4xe2 dxe2 36. Qxe2 Re7 37. Qd1 Rxe1+ 38. Nxe1 Nf6 39. Kg2 Qc6+ 40. Kg1 Qd5 41. Qe2 Re8 42. Qf1 Qd1 43. Ng2 Qxf1+ 44. Kxf1 Ra8 45. h3 Rxa2 46. f3 Nd5 47. h4 h6 48. Kg1 g5 49. Kf1 f6 50. Kg1 Kf7 51.
Kf1 Ke6 52. Kg1 Ke5 53. Kf1 Kd4 54. Ne1 Ke3 55. hxg5 hxg5 56. Kg1 Ra1 57. Kf1 f5 58. g4 f4 59. Kg2 Rxe1 60. Kh2 Kxf3 61. Kh3 Rh1# 0-1

[Event "Late-Titled-Tuesday-Blitz-September-26-2023"]
[Site "Chess.com"]
[Date "2023.09.26"]
[Round "8"]
[White "traack"]
[Black "Dacean99"]
[Result "0-1"]
[WhiteElo "2398"]
[BlackElo "2549"]
[TimeControl "180+1"]
[EndTime "15:25:16 PDT"]
[Termination "Dacean99 won by checkmate"]

1. e4 e6 2. d4 d5 3. Nd2 c5 4. Ngf3 cxd4 5. exd5 Qxd5 6. Bc4 Qd7 7. O-O a6 8. Nb3 b5 9. Be2 Bb7 10. Qxd4 Nf6 11. Bf4 Qxd4 12. Nfxd4 Nc6 13. Bf3 Rc8 14. Nxc6 Bxc6 15. Bxc6+ Rxc6 16. c3 Nd5 17. Bg3 Be7 18.
Rfe1 O-O 19. Rad1 Bf6 20. Be5 Rfc8 21. Bxf6 gxf6 22. Nd4 Rc4 23. Nf5 R4c7 24. Ne3 Nb6 25.
Rd4 Na4 26. Re2 Kf8 27. h4 Rc5 28. g3 Nb6 29. Red2 R8c7 30. Kg2 Ke7 31. Rg4 h5 32. Rg8 Rc8 33. Rxc8 Rxc8 34. Rd4 Na4 35. Rd2 Nc5 36. Kf3 f5 37. Ng2 Ne4 38. Re2 Rd8 39. Nf4 Nf6 40. Kg2 Rd1 41. Rc2 Kd6 42. c4 bxc4 43. Rxc4 Rd2 44.
Ra4 Rxb2 45. Rxa6+ Kc7 46. Ra7+ Kd6 47. Ra6+ Ke7 48.
Ra7+ Kf8 49. a4 Ne4 50. Nxh5 Rxf2+ 51. Kh3 Ra2 52. a5 Nf2+ 53. Kg2 Ng4+ 54. Kg1 Ne5 55. Nf6 Nc6 56. Ra8+ Ke7 57. Ng8+ Kd6 58. a6 Ke5 59. h5 Ke4 60. h6 Ne5 61. h7 Nf3+ 62. Kf1 Ke3 63. h8=Q Rf2# 0-1

[Event "Late-Titled-Tuesday-Blitz-September-26-2023"]
[Site "Chess.com"]
[Date "2023.09.26"]
[Round "8"]
[White "ferrufino64"]
[Black "BeautiFullMindChess"]
[Result "0-1"]
[WhiteElo "2194"]
[BlackElo "2381"]
[TimeControl "180+1"]
[EndTime "15:25:17 PDT"]
[Termination "BeautiFullMindChess won by resignation"]

1. e4 c5 2. Nf3 d6 3. d4 cxd4 4. Nxd4 Nf6 5. Nc3 a6 6. Be3 e5 7. Nb3 Be6 8. f3 Nbd7 9. Qd2 b5 10. O-O-O Rc8 11. Kb1 Be7 12. g4 O-O 13. h4 Nb6 14.
Bxb6 Qxb6 15. g5 Nh5 16. Bh3 Nf4 17. Bxe6 fxe6 18. Rhf1 a5 19. Ne2 Nxe2 20. Qxe2 a4 21. Nc1 b4 22. Nd3 a3 23. b3 Rc3 24. Rf2 Rfc8 25. Qf1 g6 26. f4 exf4 27. Nxf4 Qc5 28. Nxe6 Qe5 29. Nd4 Bf8 30. Qe2 Bg7 31. Qb5 R3c5 32.
Qxb4 Qxe4 33. Qd2 Qe5 34. Re2 Qg3 35. c4 Re5 36. Rxe5 Qxe5 37. Qb4 Qe4+ 38. Kc1 Bxd4 39. Qxd6 Be3+ 40. Rd2 Bxd2+ 0-1

[Event "Late-Titled-Tuesday-Blitz-September-26-2023"]
[Site "Chess.com"]
[Date "2023.09.26"]
[Round "8"]
[White "MajorCoast"]
[Black "Cmorales2001"]
[Result "1-0"]
[WhiteElo "2280"]
[BlackElo "2419"]
[TimeControl "180+1"]
[EndTime "15:25:18 PDT"]
[Termination "MajorCoast won by resignation"]

1. d4 Nf6 2. Nf3 d6 3. Nc3 g6 4. e4 Bg7 5. h3 O-O 6. Be3 c6 7.
a4 Nbd7 8. Be2 e5 9. dxe5 dxe5 10. Nd2 Qe7 11. Nc4 Rd8 12. Qd6 Qxd6 13. Nxd6 Nf8 14.
Nxc8 Rdxc8 15. a5 Ne6 16. O-O Nd4 17. Bd3 Nd7 18. Rfd1 Nc5 19. Bxd4 exd4 20. Ne2 Rd8 21. f3 Bh6 22. b4 Be3+ 23. Kf1 Nd7 24. Ng3 Ne5 25. Ke2 h5 26. Nf1 Bh6 27. a6 b5 28.
Ra3 Bf8 29. Rb1 Rab8 30. Nd2 Nd7 31. f4 Nb6 32. Nf3 Na4 33. Kd2 Rb6 34. f5 Bh6+ 35. Ke2 Nc3+ 36. Rxc3 dxc3 37. fxg6 fxg6 38. e5 Kg7 39. Rf1 Rf8 40. g4 hxg4 41. hxg4 Bf4 42. Nd4 c5 43. bxc5 Rxa6 44. Bxb5 Bxe5 45. Rxf8 Kxf8 46.
Bxa6 Bxd4 47. c6 Ke7 48. c7 1-0

[Event "Late-Titled-Tuesday-Blitz-September-26-2023"]
[Site "Chess.com"]
[Date "2023.09.26"]
[Round "8"]
[White "MMSANCHEZ"]
[Black "artin10862"]
[Result "1-0"]
[WhiteElo "2694"]
[BlackElo "2870"]
[TimeControl "180+1"]
[EndTime "15:25:22 PDT"]
[Termination "MMSANCHEZ won on time"]

1. d4 g6 2. c4 Bg7 3. Nc3 d6 4. e4 Nc6 5. Be3 e5 6. d5 Nd4 7. Nge2 Nxe2 8. Bxe2 f5 9. exf5 Bxf5 10. h4 Ne7 11. h5 O-O 12. hxg6 Bxg6 13. Bh5 Qe8 14.
Qg4 Rf5 15. Bxg6 Qxg6 16. Qxg6 hxg6 17. Ne4 Rh5 18. Ke2 Nf5 19. g4 Rxh1 20. Rxh1 Nd4+ 21. Bxd4 exd4 22. f4 Rf8 23. Rf1 Bh6 24. f5 gxf5 25. gxf5 Be3 26. Kd3 Kf7 27. Rh1 Rg8 28. Rh7+ Rg7 29.
Rh8 Rg2 30. Rc8 c5 31. Rc7+ Kf8 32. f6 Bf4 33. Rxb7 a5 34. Rd7 Rxb2 35. f7 Rxa2 36. Nf6 Kg7 37. Nh5+ Kf8 38. Nxf4 Ra3+ 39. Ke2 Re3+ 40.
Kf2 Re5 41. Ng6+ 1-0

[Event "Late-Titled-Tuesday-Blitz-September-26-2023"]
[Site "Chess.com"]
[Date "2023.09.26"]
[Round "8"]
[White "Zampronha1971"]
[Black "Cambek64"]
[Result "0-1"]
[WhiteElo "2285"]
[BlackElo "2466"]
[TimeControl "180+1"]
[EndTime "15:25:22 PDT"]
[Termination "Cambek64 won by resignation"]

1. e4 c5 2. Nf3 d6 3. d4 cxd4 4. Nxd4 Nf6 5. Nc3 a6 6. Bg5 e5 7. Nf5 Bxf5 8. exf5 Be7 9. Bc4 Nbd7 10. O-O O-O 11.
Qf3 Rc8 12. Bb3 Nc5 13. Rad1 Nxb3 14. cxb3 Rc6 15. Bxf6 Bxf6 16. Nd5 Kh8 17. g3 Rc2 18. Nxf6 Qxf6 19. Qxb7 Rxb2 20. Qxa6 Qxf5 21. Qxd6 Re8 22.
Qd7 Qxd7 23. Rxd7 f6 24. Rc1 Rxa2 25. Rcc7 Rg8 26. b4 Rb2 27. Rb7 h5 28. h4 Kh7 29.
b5 Kg6 30. b6 e4 31. Re7 Kf5 32. Rxg7 Rxg7 33. Rxg7 Rxb6 34. Rh7 Kg4 35. Rg7+ Kf3 36.
Rh7 Rb1+ 37. Kh2 Kxf2 38. Rxh5 Rb6 39. Rf5+ Ke2 40. Kg2 e3 41. h5 Kd3 42. h6 e2 43.
Kf2 Rb1 44. Rf3+ Kd2 45. Re3 e1=Q+ 46. Rxe1 Rxe1 47. Kf3 Rh1 0-1

[Event "Late-Titled-Tuesday-Blitz-September-26-2023"]
[Site "Chess.com"]
[Date "2023.09.26"]
[Round "8"]
[White "Pedrada88"]
[Black "AradNazari"]
[Result "0-1"]
[WhiteElo "2579"]
[BlackElo "2794"]
[TimeControl "180+1"]
[EndTime "15:25:23 PDT"]
[Termination "AradNazari won by resignation"]

1. d4 Nf6 2. Nf3 g6 3. Bg5 Bg7 4. Nbd2 c5 5. e3 O-O 6. c3 b6 7.
Be2 Bb7 8. O-O d6 9. a4 Nbd7 10.
Re1 Qc7 11. a5 e5 12. dxe5 Nxe5 13. Nxe5 dxe5 14. Bxf6 Bxf6 15. a6 Bc6 16. Bf3 Rad8 17.
Bxc6 Qxc6 18. Qc2 c4 19. Qe4 Qxe4 20. Nxe4 Be7 21. Red1 f5 22. Nd2 b5 23. Nf3 Bf6 24.
Kf1 Kf7 25. Ke2 Rxd1 26. Rxd1 Ke6 27. e4 Rb8 28. Nd2 Rb6 29. Ra1 Bd8 30. b3 cxb3 31.
Nxb3 Rc6 32. Kd2 fxe4 33. Re1 Kd5 34. Rd1 Bb6 35. Ke2+ Ke6 36. Rc1 Rc4 37. Nd2 Ra4 38. Rb1 Rxa6 39. Rxb5 Ra2 40. Rb4 Kf5 41. g4+ Kxg4 42.
Rxe4+ Kf5 43. Rh4 h5 44. f3 Bd8 45. Re4 Bg5 46. f4 Bxf4 47. Rxf4+ exf4 0-1

[Event "Late-Titled-Tuesday-Blitz-September-26-2023"]
[Site "Chess.com"]
[Date "2023.09.26"]
[Round "8"]
[White "Arteler"]
[Black "Dhaydon19"]
[Result "0-1"]
[WhiteElo "2588"]
[BlackElo "2737"]
[TimeControl "180+1"]
[EndTime "15:25:24 PDT"]
[Termination "Dhaydon19 won by checkmate"]

1. e4 c6 2. d4 d5 3. exd5 cxd5 4. c4 Nf6 5. Nc3 e6 6. Nf3 dxc4 7. Bxc4 Be7 8. O-O O-O 9. Qe2 a6 10. Bd3 b5 11.
Rd1 Bb7 12. Ne5 Nc6 13. Be3 Nb4 14. Bb1 Rc8 15. a4 bxa4 16. Rxa4 Nbd5 17. Rc4 Rxc4 18. Qxc4 Qa8 19. Qf1 Rc8 20. Na4 Qa7 21. Bg5 h6 22.
Bh4 Nf4 23. f3 Bd5 24. Nc3 Bb3 25. Rd2 N4d5 26. Qd3 g5 27. Bf2 Bb4 28. Ng4 Bc4 29.
Nxf6+ Nxf6 30. Qe3 Nd5 31. Qe4 Nf6 32. Qe5 Qe7 33.
h4 Nd7 34. Qe4 f5 35. Qe1 Qf6 36. hxg5 hxg5 37. d5 exd5 38. Bd4 Qe7 39. Qxe7 Bxe7 40. Bxf5 Rd8 41. Be6+ Kh7 42. Bxd5 Bxd5 43. Nxd5 Bf8 44. Bf6 Bc5+ 45. Kh2 Rg8 46. Bc3 Bd6+ 47. Kh3 Kg6 48.
Ne3 Be5 49. Rxd7 Rh8+ 50. Kg4 Rh4# 0-1

[Event "Late-Titled-Tuesday-Blitz-September-26-2023"]
[Site "Chess.com"]
[Date "2023.09.26"]
[Round "8"]
[White "AEMEffi"]
[Black "ChadBiryani"]
[Result "1/2-1/2"]
[WhiteElo "2376"]
[BlackElo "2497"]
[TimeControl "180+1"]
[EndTime "15:25:25 PDT"]
[Termination "Game drawn by repetition"]

1. d4 f5 2. c4 Nf6 3. g3 e6 4. Bg2 Be7 5. Nc3 O-O 6. Nh3 d6 7. O-O e5 8. dxe5 dxe5 9. Qxd8 Rxd8 10. Bg5 c6 11. Rfd1 Na6 12. Rxd8+ Bxd8 13. Rd1 Be6 14. b3 Be7 15. e4 g6 16. f4 Bc5+ 17. Kh1 Ng4 18.
fxe5 Nxe5 19. Nf4 Ng4 20. Nxe6 Nf2+ 21. Kg1 Nxd1+ 22. Nxc5 Nxc3 23. Nxa6 bxa6 24. exf5 gxf5 25. Bxc6 Rb8 26. Bf6 Rb6 27. Bxc3 Rxc6 28. Kf2 Re6 29.
Kf3 Kf7 30. Bd4 Rd6 31. Ke3 Re6+ 32. Kd3 Re7 33. c5 Ke6 34. Kc4 Rc7 35. b4 h5 36.
a4 h4 37. b5 axb5+ 38. axb5 hxg3 39. hxg3 Rh7 40. b6 axb6 41. cxb6 Kd6 42. Kb5 Kd5 43. Be3 Rh1 44. Bc5 Rh7 45. Be3 Rh1 46. Bc5 Rh7 47. Be3 1/2-1/2

[Event "Late-Titled-Tuesday-Blitz-September-26-2023"]
[Site "Chess.com"]
[Date "2023.09.26"]
[Round "8"]
[White "NotFischer"]
[Black "NovikovaGalina"]
[Result "1-0"]
[WhiteElo "2271"]
[BlackElo "2405"]
[TimeControl "180+1"]
[EndTime "15:25:25 PDT"]
[Termination "NotFischer won by resignation"]

1. e4 e6 2. d4 d5 3. e5 c5 4. c3 Nc6 5. Nf3 Bd7 6. dxc5 Bxc5 7. b4 Be7 8. b5 Na5 9. Bd3 Rc8 10. a4 Nc4 11.
Nbd2 Nh6 12. Bxc4 dxc4 13. Ne4 Nf5 14. g4 Nh4 15. Nxh4 Bxh4 16. Nd6+ Kf8 17. Qf3 Be8 18. Ba3 Kg8 19. Nxc8 Qxc8 20. Rd1 h6 21. O-O Kh7 22. Qe4+ g6 23. Bd6 a6 24. bxa6 Bc6 25. Qxc4 bxa6 26.
Rb1 Qa8 27. Qf4 Kg7 28. Rfd1 Bh1 29. f3 Bg5 30. Qe4 Qxe4 31. fxe4 Bxe4 32. Rb8 Bd8 33.
Rf1 h5 34. g5 Bf5 35. h4 Re8 36. Rd1 Rg8 37. Bc5 Ba5 38. Rxg8+ Kxg8 39. Bb4 Bb6+ 40.
Kg2 Be4+ 41. Kg3 Bc7 42. Kf4 Bd5 43. Rd4 a5 44. Bc5 Bc6 45. Ba7 Kg7 46. Rc4 1-0

[Event "Late-Titled-Tuesday-Blitz-September-26-2023"]
[Site "Chess.com"]
[Date "2023.09.26"]
[Round "8"]
[White "gabduschew"]
[Black "Dewarfd"]
[Result "1-0"]
[WhiteElo "2385"]
[BlackElo "2215"]
[TimeControl "180+1"]
[EndTime "15:25:28 PDT"]
[Termination "gabduschew won on time"]

1. c4 e6 2. g3 d5 3. Bg2 Nf6 4. d3 c5 5. Bg5 Be7 6. Qb3 O-O 7. Nc3 dxc4 8. Qxc4 Nc6 9. Bxc6 bxc6 10. Nf3 Rb8 11.
Nd1 Nd5 12. Bxe7 Qxe7 13. O-O h5 14. Rc1 Rb5 15. b3 Nb6 16. Qe4 Nd5 17. Qe5 g6 18. Ne3 Bd7 19. Nc4 a5 20. Nfd2 Qf6 21. Qxf6 Nxf6 22. Nd6 Rb4 23. Rxc5 a4 24. Rc4 Rfb8 25.
Rxb4 Rxb4 26. a3 Rd4 27. N6c4 axb3 28. Rb1 c5 29. Rxb3 Ba4 30. Rb8+ Kg7 31. Rb7 Bd1 32. Kf1 Ng4 33. Ke1 Ba4 34. h3 Nf6 35. Ne5 Be8 36.
Ndc4 Rd5 37. a4 Rd8 38. a5 Ra8 39. Kd2 Nd5 40. f4 Nf6 41. g4 hxg4 42. hxg4 Nd5 43. g5 Nb4 44. Nd6 Bc6 45. Rxf7+ Kg8 46. Nxg6 Rxa5 47.
Ne7+ Kh8 48. g6 Ra2+ 49. Ke3 Nd5+ 50. Nxd5 Bxd5 51. Ne8 e5 52. Rf8+ 1-0

[Event "Late-Titled-Tuesday-Blitz-September-26-2023"]
[Site "Chess.com"]
[Date "2023.09.26"]
[Round "8"]
[White "venturov"]
[Black "JoakimVonAnd"]
[Result "0-1"]
[WhiteElo "2498"]
[BlackElo "2736"]
[TimeControl "180+1"]
[EndTime "15:25:34 PDT"]
[Termination "JoakimVonAnd won by checkmate"]

1. e4 g6 2. d4 Bg7 3. Nf3 c6 4.
Bd3 d5 5. e5 f6 6. exf6 Nxf6 7.
O-O O-O 8. Nbd2 Nbd7 9. Re1 Nh5 10. Nf1 Nf4 11. Bxf4 Rxf4 12. c3 Nf6 13. Ne5 Ng4 14.
Nxg4 Bxg4 15. f3 Bd7 16. Qe2 Rf7 17. Nd2 Qb6 18. Nb3 Re8 19. Nc5 Bc8 20. Qf2 e5 21.
dxe5 Bxe5 22. Re2 Rfe7 23. Rae1 Bd6 24. Rxe7 Rxe7 25. b4 Bxc5 26. bxc5 Rxe1+ 27. Qxe1 Qxc5+ 28. Kf1 Kf7 29. Qe5 Be6 30. Qf4+ Ke7 31. Qc7+ Bd7 32.
Qe5+ Kd8 33. Qh8+ Kc7 34. Qxh7 Qxc3 35. Qxg6 c5 36. h4 c4 37. Bf5 Qa1+ 38. Kf2 Qd4+ 39. Kf1 Qa1+ 40. Kf2 Qd4+ 41. Kf1 Bxf5 42. Qxf5 c3 43.
Qc2 Qc4+ 44. Ke1 d4 45. Qh7+ Kb6 46. Qg6+ Ka5 47. Qf5+ b5 48. Qc2 d3 49. Qb3 d2+ 50. Kd1 Qf1+ 51. Kc2 d1=Q+ 52. Kxc3 Qxb3+ 53. axb3 Qxg2 54.
b4+ Ka4 55. h5 Qxf3+ 56. Kb2 Qxh5 57. Kc3 Qf3+ 58. Kb2 Qd3 59. Kc1 Qe2 60. Kb1 Kb3 61.
Ka1 Qa2# 0-1

[Event "Late-Titled-Tuesday-Blitz-September-26-2023"]
[Site "Chess.com"]
[Date "2023.09.26"]
[Round "8"]
[White "agustinv04"]
[Black "CURRUTACO59"]
[Result "1-0"]
[WhiteElo "2359"]
[BlackElo "2239"]
[TimeControl "180+1"]
[EndTime "15:25:34 PDT"]
[Termination "agustinv04 won on time"]

1. e4 e5 2. Nf3 Nc6 3. Bc4 Bc5 4.
d3 Nf6 5. c3 d6 6. Nbd2 O-O 7.
O-O a6 8. Bb3 Ba7 9. h3 Ne7 10.
Re1 Ng6 11. Nf1 Nh5 12. d4 h6 13. Be3 Qf6 14. N1h2 Nhf4 15. Qd2 h5 16. dxe5 dxe5 17. Bxa7 Rxa7 18. Rad1 Ra8 19. Qe3 Be6 20. Bxe6 Qxe6 21.
b3 b6 22. Nf1 Nxg2 23. Ng5 Nxe3 24. Nxe6 Nxd1 25. Nxf8 Nxf8 26. Rxd1 f6 27. Ng3 g6 28.
Ne2 Kf7 29. f4 Ke7 30. fxe5 fxe5 31. Rd5 Ke6 32. Kf2 c6 33. Rd3 Nd7 34. c4 Nc5 35.
Re3 Rf8+ 36. Kg3 g5 37. Nc1 Nd7 38. Nd3 c5 39. Re2 Rf1 40. Nf2 Nf6 41. Rd2 Rg1+ 42.
Kf3 Rf1 43. Ke2 1-0

[Event "Late-Titled-Tuesday-Blitz-September-26-2023"]
[Site "Chess.com"]
[Date "2023.09.26"]
[Round "8"]
[White "HamedWafa4"]
[Black "The_Straightforward_Rook"]
[Result "1/2-1/2"]
[WhiteElo "2641"]
[BlackElo "2534"]
[TimeControl "180+1"]
[EndTime "15:25:35 PDT"]
[Termination "Game drawn by repetition"]

1. e4 e5 2. Nf3 Nc6 3. Bb5 Nf6 4.
Nc3 Bd6 5. O-O O-O 6. d3 Nd4 7. Nxd4 exd4 8. Ne2 c6 9. Bc4 Bc7 10. Nxd4 d5 11. exd5 cxd5 12. Bb3 Ng4 13. Nf3 a5 14. a4 Ra6 15. h3 Ne5 16. Nxe5 Bxe5 17. d4 Bb8 18. c3 Qc7 19. f4 Be6 20. Bc2 Rb6 21. Qf3 g6 22. b3 Qc8 23. f5 Bxf5 24.
Bxf5 Qxf5 25. Qxf5 gxf5 26. Rxf5 Rxb3 27. Bh6 Re8 28.
Rg5+ Kh8 29. Rf1 Rxc3 30. Bg7+ Kg8 31. Bh6+ Kh8 32. Rxd5 Rc6 33. Bg5 Kg8 34. Bf6 h6 35. Rd7 Rc7 36. Rxc7 Bxc7 37. Rb1 b6 38. Kf2 Re6 39. Bh4 Re4 40. Bg3 Bxg3+ 41. Kxg3 Rxd4 42. Rxb6 Rxa4 43. Rxh6 Kg7 44. Ra6 Ra3+ 45. Kh4 Ra2 46. g4 a4 47. Kg5 a3 48. h4 Ra1 49. h5 Kh7 50. Ra7 Kg7 51. Ra6 Kh7 52. Rh6+ Kg7 53. Ra6 1/2-1/2

[Event "Late-Titled-Tuesday-Blitz-September-26-2023"]
[Site "Chess.com"]
[Date "2023.09.26"]
[Round "8"]
[White "Jarming"]
[Black "Bauman_Guy"]
[Result "1/2-1/2"]
[WhiteElo "2681"]
[BlackElo "2863"]
[TimeControl "180+1"]
[EndTime "15:25:36 PDT"]
[Termination "Game drawn by stalemate"]

1. c4 Nf6 2. g3 e5 3. Bg2 g6 4. Nc3 Bg7 5. d3 O-O 6. Rb1 a5 7. a3 d6 8. b4 axb4 9. axb4 Nc6 10. b5 Ne7 11. Bg5 h6 12. Bxf6 Bxf6 13. Nf3 Bg7 14. Nd2 f5 15. e3 e4 16. d4 Be6 17. Qc2 Ra3 18. O-O Qa8 19. f3 exf3 20. Bxf3 Qa5 21. Rb3 Rxb3 22. Qxb3 c5 23. bxc6 bxc6 24. Rd1 c5 25.
Nb5 Rb8 26. Qd3 cxd4 27. Nxd4 Bf7 28. Nb5 d5 29. Nd6 Be6 30. cxd5 Bxd5 31. e4 Qc5+ 32. Kh1 Be6 33. exf5 Nxf5 34. N2e4 Qe5 35. Nc4 Qb5 36. Ned6 Nxd6 37. Nxd6 Qxd3 38. Rxd3 Rd8 39. Be4 g5 40. Nf5 Rxd3 41. Bxd3 Bf8 42. Kg2 Kf7 43. g4 Kf6 44. h3 Ke5 45. Ng3 Bd5+ 46. Kh2 Kd4 47. Bf1 Bd6 48.
Bg2 Bc4 49. Ba8 Bf1 50. Bg2 Bd3 51. Ba8 Bf1 52. Bg2 Bxg3+ 53. Kxg3 Bxg2 54. Kxg2 Ke3 55. Kg3 Ke4 56. h4 Ke3 57. hxg5 hxg5 58. Kh3 Kf3 59.
Kh2 Kf2 60. Kh3 Kf3 61. Kh2 Kf4 62. Kh3 Ke3 63. Kg3 Ke4 64. Kg2 Kf4 65. Kf2 Kxg4 66. Kg2 Kf4 67. Kf2 Kg4 68. Kg2 Kh4 69. Kh2 g4 70. Kg2 Kg5 71. Kg3 Kf5 72. Kg2 Kf4 73. Kf2 Ke4 74. Kg3 Kf5 75. Kg2 Kf4 76. Kf2 g3+ 77. Kg2 Kg4 78. Kg1 Kf3 79. Kf1 g2+ 80.
Kg1 Kg3 1/2-1/2

[Event "Late-Titled-Tuesday-Blitz-September-26-2023"]
[Site "Chess.com"]
[Date "2023.09.26"]
[Round "8"]
[White "Herman-NY"]
[Black "emeli_chess"]
[Result "1-0"]
[WhiteElo "2500"]
[BlackElo "2365"]
[TimeControl "180+1"]
[EndTime "15:25:36 PDT"]
[Termination "Herman-NY won by checkmate"]

1. e4 e5 2. Nf3 Nc6 3. Bb5 a6 4. Ba4 Nf6 5. O-O Nxe4 6. d4 b5 7. Bb3 d5 8. dxe5 Be6 9. Be3 Be7 10. c3 O-O 11. Nbd2 Qd7 12. Bc2 f5 13. a4 b4 14.
cxb4 Nxb4 15. Nd4 c5 16. Nxe6 Qxe6 17. Nxe4 fxe4 18. f4 Nxc2 19. Qxc2 d4 20. Bc1 e3 21. b3 Rac8 22. Ba3 Qd5 23. Qd3 Rfe8 24. Rac1 a5 25. Rc4 Bh4 26. Rfc1 Bf2+ 27. Kh1 Re6 28. Bxc5 Rg6 29. Qf1 d3 30. Bxe3 Rxc4 31. bxc4 Qe4 32. Qxf2 h6 33. Rd1 Qxc4 34. h3 Qb3 35. Rd2 Rc6 36. Kh2 Rc2 37. f5 Qb2 38. e6 Qe5+ 39. g3 Rc4 40. Rxd3 Re4 41. Kg2 Rxa4 42. Rd8+ Kh7 43.
Rd4 Rxd4 44. Bxd4 Qe4+ 45. Kh2 a4 46. f6 Qxe6 47. f7 a3 48. f8=Q a2 49. Qxg7# 1-0

[Event "Late-Titled-Tuesday-Blitz-September-26-2023"]
[Site "Chess.com"]
[Date "2023.09.26"]
[Round "8"]
[White "laskakid"]
[Black "rdarruda"]
[Result "1/2-1/2"]
[WhiteElo "2334"]
[BlackElo "2471"]
[TimeControl "180+1"]
[EndTime "15:25:36 PDT"]
[Termination "Game drawn - insufficient material"]

1. d4 Nf6 2. c4 e5 3. dxe5 Ne4 4.
a3 Nc6 5. Qc2 d5 6. exd6 Bf5 7.
Nc3 Ng3 8. e4 Nxh1 9. exf5 Bxd6 10. Nf3 Qe7+ 11. Qe4 Bc5 12. Qxe7+ Nxe7 13. Ne4 Bd6 14. c5 Bxh2 15. Nxh2 Nxf5 16. Nf3 O-O 17. Bd3 Rad8 18. Ke2 Rfe8 19. Bf4 Nxf2 20. Kxf2 Rxd3 21. Re1 Re6 22. Bxc7 Nd4 23. Ne5 Rb3 24. Rd1 Rxb2+ 25.
Kf1 f6 26. Nc4 Re2 27. Rxd4 R2xe4 28. Rd8+ Kf7 29. Nd6+ Ke7 30. Nxe4 Rxe4 31. Rb8 Kd7 32. Bd6 Kc6 33. Rc8+ Kd5 34. Rc7 b6 35. Rxg7 bxc5 36. Bb8 Ra4 37. Rxa7 Re4 38. Rxh7 c4 39. Ba7 c3 40.
Rc7 Ra4 41. Rxc3 Rxa7 42. g4 Kd4 43. Rf3 Ke4 44. Rxf6 Rxa3 45. g5 Rg3 46. g6 Ke5 47. Rb6 Kf5 48. Ra6 Rxg6 49. Rxg6 Kxg6 1/2-1/2

[Event "Late-Titled-Tuesday-Blitz-September-26-2023"]
[Site "Chess.com"]
[Date "2023.09.26"]
[Round "8"]
[White "Harsha_Bharathakoti"]
[Black "SpeedofLight0"]
[Result "1-0"]
[WhiteElo "2912"]
[BlackElo "3039"]
[TimeControl "180+1"]
[EndTime "15:25:38 PDT"]
[Termination "Harsha_Bharathakoti won by checkmate"]

1. Nf3 c5 2. c4 Nf6 3. Nc3 Nc6 4. d4 cxd4 5. Nxd4 e6 6. g3 Qb6 7.
Nb3 Ne5 8. e4 Bb4 9. Qe2 d6 10.
Bd2 a5 11. O-O-O O-O 12. f4 Nc6 13. Be3 Qc7 14. Nb5 Qe7 15. a3 a4 16. Nd2 Ba5 17. Bg2 e5 18. f5 b6 19. g4 Nd7 20. Nc7 Ba6 21. Nd5 Qd8 22. g5 Nd4 23. Qg4 Bxc4 24. Nxc4 Rc8 25. g6 Rxc4+ 26. Kb1 Nf6 27. Nxf6+ Qxf6 28.
Bg5 Qxg5 29. gxh7+ Kh8 30. Qxg5 f6 31. Qg4 b5 32. Bf1 Rc5 33. Rg1 Rf7 34. Qh5 Re7 35.
Bd3 Nb3 36. Rc1 Nxc1 37. Rxc1 b4 38. Rxc5 dxc5 39. Bc4 bxa3 40. bxa3 Bd2 41. Kc2 Be3 42.
Bd5 Bd4 43. Qe2 Re8 44. Qb5 Rf8 45. Bg8 Be3 46. Qxa4 Rb8 47. Bc4 Bd4 48. Qd7 Rb2+ 49. Kd3 Rb8 50. Qf7 Kxh7 51. Qh5# 1-0

[Event "Late-Titled-Tuesday-Blitz-September-26-2023"]
[Site "Chess.com"]
[Date "2023.09.26"]
[Round "8"]
[White "Bilan_Danila"]
[Black "egnfanclub"]
[Result "1-0"]
[WhiteElo "2511"]
[BlackElo "2399"]
[TimeControl "180+1"]
[EndTime "15:25:38 PDT"]
[Termination "Bilan_Danila won by resignation"]

1. d4 d5 2. Nf3 Nf6 3. c4 c6 4. Nc3 e6 5. Bg5 dxc4 6. e4 b5 7. e5 h6 8. Bh4 g5 9. Nxg5 Nd5 10. Nxf7 Qxh4 11. Nxh8 Bb4 12. Rc1 c5 13. a3 Qe4+ 14. Qe2 Nxc3 15. bxc3 Qxe2+ 16. Bxe2 Bxa3 17. Rb1 Bb7 18. Rxb5 Bxg2 19. Rg1 a6 20. Rb1 Be4 21. Rg8+ Kd7 22.
Rbxb8 Rxb8 23. Rxb8 cxd4 24. Kd2 d3 25. Bd1 Bc5 26.
f3 Bc6 27. Rg8 Kc7 28. Rg7+ Kb6 29. Nf7 a5 30. Nd6 Bd5 31. Ba4 Bf2 32. Bb5 Bh4 33.
Bxc4 Bxf3 34. Bxd3 Bg5+ 35. Kc2 a4 36. Nc4+ Kc5 37.
Na3 Kd5 38. Ra7 Kxe5 39. Rxa4 Bf4 40. h4 h5 41. Nc4+ Kf6 42. Nd2 Bc6 43. Rxf4+ 1-0

[Event "Late-Titled-Tuesday-Blitz-September-26-2023"]
[Site "Chess.com"]
[Date "2023.09.26"]
[Round "8"]
[White "ejalmedina"]
[Black "DeArron_Fox"]
[Result "0-1"]
[WhiteElo "2331"]
[BlackElo "2480"]
[TimeControl "180+1"]
[EndTime "15:25:43 PDT"]
[Termination "DeArron_Fox won by resignation"]

1. d4 d5 2. c4 e6 3. Nc3 Nf6 4.
cxd5 exd5 5. Bg5 c6 6. Qc2 Be7 7. e3 Nbd7 8. Bd3 Nh5 9. Bxe7 Qxe7 10. Nf3 Nf4 11. O-O Nxd3 12. Qxd3 O-O 13. Rab1 a5 14. b3 g6 15. Rbc1 Nf6 16. Na4 Bf5 17. Qe2 Nd7 18.
Nc5 Nxc5 19. Rxc5 a4 20. b4 b6 21. Rxc6 Qxb4 22. Rfc1 Rfc8 23. Ne5 Rxc6 24. Nxc6 Qa3 25. Qd2 Rc8 26. Rc3 Qd6 27. Qc1 Kg7 28. a3 Bd3 29.
Nb4 Rxc3 30. Qxc3 Bc4 31. h3 b5 32. Qc2 Qe6 33. Qb1 h5 34. h4 Qg4 35. g3 Qf3 36. Qc2 f6 37. Na6 g5 38. hxg5 fxg5 39. Nc7 h4 40. Ne6+ Kf6 41. gxh4 gxh4 42. Nf4 Qe4 43.
Qxe4 dxe4 44. Kh2 b4 45. axb4 a3 46. d5 a2 47. d6 a1=Q 48. d7 Ke7 49. Ng6+ Kxd7 50.
Nxh4 Qf6 51. Kg3 Qg5+ 52. Kh3 Be6+ 0-1

[Event "Late-Titled-Tuesday-Blitz-September-26-2023"]
[Site "Chess.com"]
[Date "2023.09.26"]
[Round "8"]
[White "jamengrand"]
[Black "Slovak_fighter2000"]
[Result "0-1"]
[WhiteElo "2273"]
[BlackElo "2470"]
[TimeControl "180+1"]
[EndTime "15:25:44 PDT"]
[Termination "Slovak_fighter2000 won on time"]

1. e4 c5 2. Be2 b6 3. d3 Bb7 4. f4 e6 5. Nf3 Nf6 6. O-O d5 7. e5 Nfd7 8. c3 Nc6 9. d4 Be7 10. a3 O-O 11. b4 a5 12. b5 Ncb8 13. Bd3 f5 14. Kh1 Qe8 15. Rg1 Qh5 16. Ra2 Kh8 17. Rf2 Rg8 18. Ng5 Qg6 19. g4 Nf8 20. gxf5 exf5 21.
Rfg2 Bc8 22. Qf3 Bxg5 23. Rxg5 Qf7 24. Qh3 g6 25. Qg2 Be6 26. h4 Nbd7 27. h5 gxh5 28. Qh3 Rxg5 29. Rxg5 Ng6 30. Qxh5 Rf8 31. Be3 c4 32.
Bc2 Ne7 33. Qh4 Rg8 34. Nd2 Rxg5 35. fxg5 Nf8 36. Nf3 Nfg6 37. Qh6 f4 38. Bd2 Bf5 39. Bd1 Be4 40. Kg1 Nf5 41. Qh3 Qe7 42. Qg4 Qxa3 43. Bxf4 Qa1 44. Ne1 Qxc3 45. e6 Qxd4+ 46. Kh2 Bd3 47.
Nxd3 Qxd3 48. e7 Nfxe7 49. Qe6 Qe4 50. Qf6+ Kg8 0-1